Unix NetHack Version 5.0.0-0 post-release - last build Jul 19 2026 19:10:59 (3aa4ab31751d3886436d94b585a96704892fd477,branch:main).

Game began 2026-07-21 02:42:44, ended 2026-07-25 14:31:13.

HumaRuntu, neutral female human Valkyrie

                                                     $
                                                     $        $

               $     ------
                     |.....
                     |....|
  --------------     |...<|
  |......@.....|     .$...|
  |.............     |..!.|
  |...>........|     --+---
  --------------

                                                $
  $                 $
                    $  $                   $                               $
                               $  $

                    $
                           $                      $

HumaRuntu the Fighter       St:11 Dx:16 Co:18 In:10 Wi:8 Ch:7  Neutral
Dlvl:11 $:633 HP:0(78) Pw:26(26) AC:0  Xp:8 T:7683  Burdened

Latest messages:
 There is a hobgoblin corpse here; eat it? [ynq] (n) y
 This hobgoblin corpse is tough.
 You finish eating the hobgoblin corpse.
 You hear a door open.
 You hear a door open.
 You hear a chugging sound.
 You find a hidden door.
 The door opens.
 KABOOM!!  The door was booby-trapped!
 You stagger...
 The flask crashes on your head and breaks into shards.
 The milky potion evaporates.
 You feel somewhat dizzy.
 Call a milky potion: confuse
 You see here an orcish helm.
 You feel a bit steadier now.
 You feel less confused now.
 Wait!  There's something there you can't see!
 It hits!
 You hit it.
 You hit it.
 It hits!
 You hit it.
 It hits!
 You hit it.
 You hit it.
 It hits!
 You miss it.
 It hits!
 You hit it.
 You hit it.
 It hits!
 What do you want to drink? [ghkmnwEKOQS or ?*] *
 You feel better.
 It hits!
 What do you want to drink? [ghkmnwEKOQS or ?*] K
 You feel better.
 It hits!
 It hits!
 It picks up an orcish helm.
 What do you want to wear? [cuABC or ?*] *
 Never mind.
 What do you want to wear? [cuABC or ?*] C
 It hits!
 You die...
 Do you want your possessions identified? [ynq] (y) y
 Do you want to see your attributes? [ynq] (y) y
 Do you want an account of creatures vanquished? [ynaq] (y) y
 Do you want to see your conduct and achievements? [ynq] (y) y
 Do you want to see the dungeon overview? [ynq] (y) y

Inventory:
 Coins    ('$')
  $ - 633 gold pieces
 Weapons  (')')
  b - a +0 dagger
  a - a very corroded +1 spear (weapon in right hand)
 Armor    ('[')
  A - an uncursed +0 dwarvish iron helm
  Z - an uncursed +3 pair of leather gloves (being worn)
  B - an uncursed +0 pair of iron shoes
  c - an uncursed +3 small shield
  u - an uncursed +0 cloak of invisibility
  C - an uncursed +0 dwarvish mithril-coat (being donned)
 Comestibles  ('%')
  F - 2 uncursed food rations
  y - an uncursed fortune cookie
  J - an uncursed lembas wafer
  I - an uncursed lizard corpse
 Scrolls  ('?')
  o - an uncursed scroll of confuse monster
  x - an uncursed scroll of enchant armor
  M - 2 uncursed scrolls of light
  i - an uncursed scroll of taming
 Potions  ('!')
  S - an uncursed potion of extra healing
  E - a cursed potion of gain ability
  w - an uncursed potion of hallucination
  n - an uncursed potion of levitation
  k - a blessed potion of polymorph
  m - a cursed potion of see invisible
  g - an uncursed potion of sleeping
  Q - an uncursed potion of speed
  O - a potion of holy water
  h - 3 uncursed potions of water
 Rings    ('=')
  p - an uncursed ring of fire resistance (on right hand)
  V - an uncursed ring of fire resistance
  j - an uncursed +1 ring of increase damage
  f - a cursed ring of poison resistance
 Wands    ('/')
  D - a wand of magic missile (0:2)
  W - a wand of magic missile (0:2)
  U - a wand of polymorph (0:6)
  q - a wand of polymorph (0:2)
  L - a wand of striking named Strike (0:3)
  X - a wand of striking (0:0)
 Tools    ('(')
  l - an empty cursed bag of holding named bag of holding
  s - an uncursed leash
  z - an uncursed mirror
  e - an uncursed oil lamp
  P - a +0 pick-axe
  G - 2 uncursed tallow candles
  H - an uncursed tin whistle
 Gems/Stones  ('*')
  N - an uncursed flint stone
  d - a cursed touchstone

HumaRuntu the Valkyrie's attributes:

Background:
 You were a Fighter, a level 8 human Valkyrie.
 You were neutral, on a mission for Odin
 who was opposed by Tyr (lawful) and Loki (chaotic).
 You were right-handed.
 You were in the Dungeons of Doom, on level 11.
 You entered the dungeon 7683 turns ago.
 You had 2522 experience points, 38 more were needed to attain level 9.

Basics:
 You had 0 out of 78 hit points.
 You had all 26 energy points (spell power).
 Your armor class was 0.
 Your wallet contained 633 zorkmids.
 Autopickup was on for '$?!/="+' plus thrown.

Final Characteristics:
 Your strength was 11 (peak:18/02, limit:18/100).
 Your dexterity was 16 (peak:17, limit:18).
 Your constitution was 18 (limit:18).
 Your intelligence was 10 (limit:18).
 Your wisdom was 8 (limit:18).
 Your charisma was 7 (limit:18).

Final Status:
 You weren't hungry.
 You were burdened; movement was slightly slowed.
 You were wielding a spear.
 You had basic skill with spear and could have enhanced that.

Final Attributes:
 You were piously aligned.
 You were fire resistant.
 Your items were protected from fire.
 You were cold resistant.
 You were telepathic.
 You were stealthy.
 You were guarded.
 You were fast.
 You are dead.

Miscellaneous:
 You encountered 1 bones level.
 Total elapsed playing time was 2 hours, 11 minutes and 35 seconds.

Major events:
 Turn
    1: HumaRuntu the neutral human Valkyrie entered the dungeon
 1123: attained the rank of Skirmisher (level 3)
 2786: entered the Gnomish Mines
 3093: attained the rank of Fighter (level 6)
 4144: reached Mine Town
 7683: killed by an invisible Green-elf, while dressing up

You didn't know any spells.

Skills:
 Fighting Skills
   bare handed combat [Unskilled]
   two weapon combat  [Unskilled]
   riding             [Unskilled]
 Weapon Skills
   dagger             [Basic]
   axe                [Unskilled]
   pick-axe           [Unskilled]
   short sword        [Unskilled]
   broadsword         [Unskilled]
   long sword         [Unskilled]
   two-handed sword   [Unskilled]
   saber              [Unskilled]
   hammer             [Unskilled]
   quarterstaff       [Unskilled]
   polearms           [Unskilled]
   spear              [Basic]
   trident            [Unskilled]
   lance              [Unskilled]
   sling              [Unskilled]
 Spellcasting Skills
   attack spells      [Unskilled]
   escape spells      [Unskilled]

Voluntary challenges:
 Character rerolling was not enabled.
 You never genocided any monsters.
 You never changed form.
 You used no wishes.
Achievements:
 You entered a shop.
 You attained the rank of Skirmisher.
 You entered the Gnomish Mines.
 You attained the rank of Fighter.
 You entered Minetown.
 You entered a temple.

 The Dungeons of Doom: levels 1 to 11
    Level 1:
       Some fountains, a sink.
    Level 2:
       A food shop.
    Level 3:
       A vegetarian food shop, a fountain.
    Level 4:
       A food shop, some fountains.
       Stairs down to The Gnomish Mines.
    Level 5:
       An altar, a fountain, a grave.
    Level 6:
       A fountain.
    Level 7:
       Many fountains.
    Level 8:
       A fountain.
    Level 11: <- You were here.
       Final resting place for
          you, killed by an invisible Green-elf, while dressing up.
 The Gnomish Mines: levels 5 to 11
    Level 5:
    Level 6:
    Level 7:
       Many shops, a temple and an altar, some fountains, some trees.
    Level 8:
    Level 9:
    Level 10:
       A grave.
       Final resting place for
          KnightLite-Arc-Dwa-Fem-Law, killed by a soldier ant.
    Level 11:


Vanquished creatures:
  a ghost
  a large mimic
  3 small mimics
  a large dog
  a large cat
  a tiger
  a tengu
  a python
  a chameleon
  a quivering blob
  4 wolves
  3 winter wolf cubs
  a spotted jelly
  a leprechaun
  a mumak
  a gnome ruler
  3 brown puddings
 an owlbear
  2 lizards
  a dog
  a snake
  3 human zombies
  7 Woodland-elves
  6 soldier ants
  a wood nymph
  4 rock piercers
  a rock mole
  a pony
  a fog cloud
  a yellow light
  a shrieker
  a violet fungus
 13 gnome leaders
  2 gnomish wizards
  a gray ooze
  3 elf zombies
  a straw golem
  a floating eye
  a kitten
 16 dwarves
  a homunculus
  4 hill orcs
  a rabid rat
  a centipede
  5 orc zombies
 14 killer bees
  3 acid blobs
  3 coyotes
  2 gas spores
  3 hobbits
  4 large kobolds
  4 hobgoblins
  2 giant rats
  a cave spider
  2 yellow molds
 46 gnomes
  a gnome zombie
  7 geckos
  3 jackals
  2 foxes
  5 kobolds
  6 goblins
  2 sewer rats
  9 grid bugs
  3 lichens
  a kobold zombie
 10 newts
241 creatures vanquished.

No species were genocided or became extinct.

Game over:
                       ----------
                      /          \
                     /    REST    \
                    /      IN      \
                   /     PEACE      \
                  /                  \
                  |    HumaRuntu     |
                  |      633 Au      |
                  |   killed by an   |
                  |    invisible     |
                  |    Green-elf     |
                  |                  |
                  |       2026       |
                 *|     *  *  *      | *
        _________)/\\_//(\/(/\)/\//\/|_)_______

Farvel HumaRuntu the Valkyrie...

You died in The Dungeons of Doom on dungeon level 11 with 11228 points,
and 633 pieces of gold, after 7683 moves.
You were level 8 with a maximum of 78 hit points when you died.

